 Dungeon Crawl Stone Soup version 0.21-a0-421-gfc1ce30 (webtiles) character file.

32680 Monsterracer the Nimble (level 13, -4/89 (90) HPs)
             Began as a Gnoll Gladiator on Nov 4, 2017.
             Was a High Priest of Hepliaklqana.
             Slain by a black mamba (8 damage)
             ... on level 5 of the Lair of Beasts.
             The game lasted 00:32:47 (17127 turns).

Monsterracer the Nimble (Gnoll Gladiator)          Turns: 17127, Time: 00:32:48

HP:   -4/89 (90)    AC: 15    Str: 21    XL:     13   Next: 66%
MP:   25/25         EV: 20    Int: 16    God:    Hepliaklqana [*****.]
Gold: 932           SH:  0    Dex: 18    Spells: 5/28 levels left

rFire    + . .     SeeInvis .   a - +8 whip "Snakebite" {curare, rPois}
rCold    . . .     Gourm    .   (no shield)
rNeg     . . .     Faith    .   S - +3 troll leather armour {Snorg}
rPois    +         Spirit   .   c - +2 helmet
rElec    .         Reflect  .   (no cloak)
rCorr    .         Harm     .   l - +2 pair of gloves
MR       .....                  (no boots)
Stlth    ++++......             (no amulet)
HPRegen  0.64/turn              O - +6 ring of intelligence
MPRegen  0.19/turn              G - ring of protection from fire {!d}

@: no status effects
A: distributed training, reduced essence, fangs 1, strong nose
a: Recall Ancestor, Ancestor Identity, Transference, Idealise, Renounce Religion


You were on level 5 of the Lair of Beasts.
You worshipped Hepliaklqana.
Hepliaklqana was extremely pleased with you.
You were not hungry.

You visited 2 branches of the dungeon, and saw 17 of its levels.

You collected 932 gold pieces.

Inventory:

Hand Weapons
 a - the +8 whip "Snakebite" (weapon) {curare, rPois}
   (You found it on level 5 of the Lair of Beasts)

   It poisons the flesh of those it strikes.
   It protects you from poison.
 b - the +12 long sword "Bimy" {drain, *Corrode rF+ MR+}
   (You found it on level 9 of the Dungeon)

   A truly terrible weapon, it drains the life of those it strikes.
   It protects you from fire.
   It affects your resistance to hostile enchantments.
   It may corrode you when you take damage.
 q - a +1 trident
 w - a +2 dagger of venom
 L - a +0 lajatang
Missiles
 d - 7 throwing nets
 n - 12 tomahawks (quivered)
 v - 12 javelins
Armour
 c - a +2 helmet (worn)
 k - a +0 buckler
 l - a +2 pair of gloves (worn)
 J - a +2 plate armour of cold resistance
 S - a +3 troll leather armour (worn) {Snorg}
Jewellery
 G - a ring of protection from fire (right hand) {!d}
 O - a +6 ring of intelligence (left hand)
Wands
 r - a wand of paralysis (17/24)
 H - a wand of polymorph (11/24)
 N - a wand of paralysis (0/24)
 R - a wand of digging (18/24)
Scrolls
 h - a scroll of magic mapping {!r}
 j - 2 scrolls of enchant weapon
 m - a scroll of amnesia
 p - 4 scrolls of remove curse
 y - 2 scrolls of blinking
 A - 2 scrolls of teleportation
 D - 4 scrolls of enchant armour
 F - 3 scrolls of fear
Potions
 e - 6 potions of flight
 g - 5 potions of curing
 o - 2 potions of mutation {!q}
 s - 3 potions of resistance
 t - 3 potions of lignification
 u - a potion of heal wounds
 x - a potion of haste
 z - a potion of invisibility
 E - 3 potions of might
 I - 2 potions of magic
 M - 2 potions of brilliance
 Q - a potion of cancellation {unknown}
Books
 K - a book of Party Tricks

   Spells                             Type                      Level
   a - Summon Butterflies             Summoning                    1
   b - Apportation                    Translocation                1
   c - Lesser Beckoning               Translocation                3
   d - Tukima's Dance                 Hexes                        3
   e - Alistair's Intoxication        Transmutation/Poison         5
   f - Invisibility                   Hexes                        6
Comestibles
 f - 18 bread rations
 i - 6 royal jellies
 B - 16 fruits
 C - 6 meat rations
 P - 10 chunks of flesh


   Skills:
 + Level 9.5 Fighting
 + Level 8.3 Short Blades
 + Level 8.3 Long Blades
 + Level 8.3 Axes
 + Level 8.3 Maces & Flails
 + Level 10.5 Polearms
 + Level 8.3 Staves
 + Level 8.3 Slings
 + Level 8.3 Bows
 + Level 8.3 Crossbows
 + Level 9.5 Throwing
 + Level 8.3 Armour
 + Level 10.5 Dodging
 + Level 8.3 Stealth
 + Level 8.3 Shields
 + Level 8.3 Unarmed Combat
 + Level 8.3 Spellcasting
 + Level 6.9 Conjurations
 + Level 6.9 Hexes
 + Level 6.9 Charms
 + Level 6.9 Summonings
 + Level 6.9 Necromancy
 + Level 6.9 Translocations
 + Level 6.9 Transmutations
 + Level 6.9 Fire Magic
 + Level 6.9 Ice Magic
 + Level 6.9 Air Magic
 + Level 6.9 Earth Magic
 + Level 6.9 Poison Magic
 + Level 9.1 Invocations
 + Level 8.3 Evocations


You had 5 spell levels left.
You knew the following spells:

 Your Spells              Type           Power        Failure   Level  Hunger
a - Statue Form           Tmut/Erth      ####.....    71%         6    ######.
b - Lesser Beckoning      Tloc           ####......   1%          3    #......
c - Portal Projectile     Hex/Tloc       ####..       1%          3    #......
d - Regeneration          Chrm/Necr      ####......   1%          3    #......
v - Summon Butterflies    Summ           ####....     1%          1    None
w - Cause Fear            Hex            ####......   7%          4    ###....
x - Passwall              Tmut/Erth      ####......   1%          2    None
z - Apportation           Tloc           ####..       1%          1    None


Dungeon Overview and Level Annotations

Branches:
Dungeon (11/15)            Temple (0/1) D:6            Lair (6/6) D:10
 Shoals (0/4) Lair:3        Snake (0/4) Lair:2          Orc (0/2) D:10
  Slime: Lair:5-6

Altars:
Ashenzari
Cheibriados
Dithmenos
Hepliaklqana
Kikubaaqudgha
Nemelex Xobeh
Okawaru
Ru
Trog
The Shining One

Shops:
D:5 =


Innate Abilities, Weirdness & Mutations

Your experience applies equally to all skills.
You have very sharp teeth.
Your uncanny sense of smell can sniff out nearby items.
Your life essence is reduced to manifest your ancestor. (-10% HP)


Message History

Eat one of 11 chunks of flesh? (ye/n/q)
You eat one of the 11 chunks of flesh.
This raw flesh tastes terrible.
Found a bread ration.
Found a scroll of enchant weapon.
A komodo dragon comes into view.
You feel a little less mighty now.
A five-headed hydra comes into view.
Wield which item (- for none, * to show all)? (? for menu, Esc to quit)
The +8 whip "Snakebite" {curare, rPois} stops dripping with poison.
Your +2 dagger of venom begins to drip with poison!
w - a +2 dagger of venom (weapon)
The komodo dragon hisses angrily.
You hear a blaring wail to the west.
You hear an angry hiss. x4; You hear an angry growl. x3
You hear an angry buzzing noise.
You hear a howl! x2; You hear a shout! x3
You hear a trumpeting!
You hear a shout! x2; You hear a bleat!
You hear an angry growl.
You hear a shout! x2; You hear a howl!
You hear a shout! x2; You hear a croak.
You hear a bleat!
You hear a howl! x4
You hear a bleat!
A black mamba comes into view.
Found a stone staircase leading up.
A lindwurm comes into view.
A rime drake comes into view.
The rime drake breathes ice at you. The flash freeze misses you.
Wilburh emerges from the mists of memory!
The black mamba closely misses you.
The black mamba bites you but does no damage.
The black mamba bites you but does no damage.
The rime drake breathes ice at you.
The flash freeze hits Wilburh.
Wilburh partially resists.
Wilburh is flash-frozen.
Found 8 gold pieces.
You hear the crackling of a distant melting archway.
The black mamba misses you.
Wield which item (- for none, * to show all)? (? for menu, Esc to quit)
Okay, then.
Your +2 dagger of venom stops dripping with poison.
The +8 whip "Snakebite" {curare, rPois} begins to drip with poison!
a - the +8 whip "Snakebite" (weapon)
{curare, rPois} The komodo dragon barely misses you.
Wilburh casts a spell at the rime drake.
The puff of frost misses the rime drake.
The black mamba barely misses you.
Wilburh hits the rime drake with a quarterstaff!!
The rime drake bites Wilburh but does no damage.
The black mamba bites you!
* * * LOW HITPOINT WARNING * * *
The rime drake bites Wilburh.
A basilisk comes into view.
You take 7 damage, and have 35/89 hp.
Unknown command.
Wilburh barely misses the rime drake.
The rime drake bites Wilburh.
The black mamba completely misses you.
The rime drake barely misses Wilburh.
The black mamba closely misses you. The black mamba misses you.
The black mamba completely misses you. The black mamba barely misses you.
The black mamba closely misses you. The black mamba barely misses you.
The black mamba completely misses you. The black mamba misses you.
The black mamba bites you but does no damage.
There is a stone staircase leading up, spattered with blood here.
The black mamba barely misses you. The black mamba bites you!
* * * LOW HITPOINT WARNING * * *
You climb upwards.
There is a stone staircase leading down here.
Unknown command.
You take 11 damage, and have 32/89 hp.
Unknown command.
Casting: Summon Butterflies
Confirm with . or Enter, or press ? or * to list all spells.
Okay, then.
You barely miss the black mamba. Your bite misses the black mamba.
The black mamba bites you!
* * * LOW HITPOINT WARNING * * *
You take 16 damage, and have 16/89 hp.
Press: ? - help, v - describe, . - travel
Here: a black mamba The floor.
Unknown command.
You barely miss the black mamba. The black mamba misses you.
You hit the black mamba.
The black mamba is poisoned.
The black mamba is lightly wounded.
The black mamba bites you but does no damage.
The black mamba misses you.
You whack the black mamba! You bite the black mamba.
The black mamba is heavily wounded.
The black mamba bites you!
* * * LOW HITPOINT WARNING * * *
You take 13 damage, and have 4/89 hp.
Unknown command.
Evoke which item? (* to show all) (? for menu, Esc to quit)
Aiming: Paralyse (will waste charges)
Press: ? - help, Shift-Dir - straight line, f - black mamba
Aim: a black mamba (heavily wounded, poisoned, chance to defeat MR: 69%) Nothing appears to happen.
The black mamba misses you. The black mamba bites you!
You die...

#...#...P..##.............
###..#...P###......(.......
#........##P...............
###...(.#....................
#P...........................
##...........................
#.............#..#...........
#.......P#....#..............
#...........@S...............
##................#.P........
#.......#..........###.....#
#P...............P.###......
##P.#......P...#...........#
#.........................P
##....#.#...................
#.....##.#..........PP......
#P.....#............#PP.....


You could see a black mamba.

Vanquished Creatures
  Snorg (Lair:6)
  Harold (Lair:3)
  2 hydras
  A two-headed ogre (D:8)
  2 death yaks (Lair:1)
  Urug (Lair:5)
  Pikel (D:7)
  6 elephants (Lair:5)
  3 black mambas
  3 spiny frogs
  2 komodo dragons
  13 blink frogs
  Prince Ribbit (D:8)
  3 hippogriffs
  3 basilisks
  A wyvern (Lair:1)
  16 yaks
  2 wargs (D:10)
  The ghost of Nuz the Cutter, an amateur KoBe of Trog (D:3)
  2 nagas (Lair:2)
  7 water moccasins
  5 orc warriors
  2 porcupines
  A black bear (D:9)
  4 ice beasts
  2 slaves (D:7)
  A phantom (D:7)
  4 ogres
  9 wolves
  A centaur (D:10)
  A big kobold (D:8)
  3 crocodiles
  7 bullfrogs
  A gnoll sergeant (D:10)
  3 scorpions
  4 killer bees (D:10)
  A howler monkey (D:4)
  3 crimson imps
  A bullfrog zombie (D:9)
  A hound (D:9)
  5 orc priests
  A jelly (D:9)
  5 orc wizards
  2 iguanas
  Natasha (thrice) (D:4)
  3 hell rats (Lair:2)
  8 worker ants
  A killer bee zombie (D:8)
  A hound zombie (D:8)
  13 adders
  8 gnolls
  7 river rats (Lair:2)
  A shadow imp (D:9)
  2 oozes
  An adder skeleton (D:6)
  3 worms (D:2)
  4 dart slugs
  6 leopard geckos
  20 orcs
  2 ball pythons
  7 giant cockroaches
  5 hobgoblins
  4 jackals
  20 kobolds
  3 quokkas
  A ball python skeleton (D:6)
  9 bats
  15 frilled lizards
  11 goblins
  A leopard gecko skeleton (D:5)
  A leopard gecko zombie (D:5)
  7 rats
  3 plants (D:7)
309 creatures vanquished.

Vanquished Creatures (collateral kills)
  A hydra (Lair:3)
  A two-headed ogre (D:9)
  2 death yaks (Lair:1)
  A black mamba (Lair:2)
  A spiny frog (Lair:1)
  Psyche (D:8)
  A rime drake (Lair:3)
  A troll (D:9)
  10 blink frogs
  2 hippogriffs
  9 yaks
  A basilisk (Lair:2)
  Grum (D:8)
  A steam dragon (Lair:2)
  A hungry ghost (D:6)
  A warg (D:10)
  Menkaure (D:6)
  A naga (Lair:2)
  2 water moccasins
  An ice beast (D:6)
  A sky beast (D:8)
  An orc warrior (D:9)
  A slave (D:7)
  A black bear (D:6)
  A hornet zombie (D:8)
  5 wolves
  A necrophage (D:5)
  A centaur (D:7)
  A big kobold (D:7)
  2 bullfrogs (Lair:2)
  A scorpion (D:5)
  4 killer bees (D:10)
  3 howler monkeys (D:7)
  A crimson imp (D:5)
  A bullfrog zombie (D:6)
  A quasit (D:6)
  A hound (D:6)
  4 orc wizards
  An orc priest (D:9)
  3 jellies
  An iguana (D:5)
  A hell rat (Lair:2)
  2 worker ant zombies
  A howler monkey skeleton (D:10)
  3 adders
  4 gnolls
  14 orcs
  A jackal (D:9)
  8 kobolds
  A jackal skeleton (D:5)
  A rat (D:3)
  A fungus (Lair:4)
  3 plants (D:7)
116 creatures vanquished.

Vanquished Creatures (others)
  A wizard (D:3)
  An orc wizard (D:10)
  8 battlemagi
  An ancestor (D:4)
  An adder zombie (D:7)
  3 fungi
  7 plants
22 creatures vanquished.

Grand Total: 447 creatures vanquished

Notes
Turn   | Place    | Note
-------+----------+-------------------------------------------
     0 | D:1      | Monsterracer the Gnoll Gladiator began the quest for the Orb.
     0 | D:1      | Reached XP level 1. HP: 20/20 MP: 1/1
    44 | D:1      | Reached XP level 2. HP: 26/26 MP: 2/2
   234 | D:1      | Reached XP level 3. HP: 27/31 MP: 3/3
   802 | D:2      | Reached skill level 1 in Invocations
   927 | D:2      | Reached skill level 1 in Short Blades
   927 | D:2      | Reached skill level 1 in Long Blades
   927 | D:2      | Reached skill level 1 in Axes
   927 | D:2      | Reached skill level 1 in Maces & Flails
   927 | D:2      | Reached skill level 1 in Staves
   927 | D:2      | Reached skill level 1 in Slings
   927 | D:2      | Reached skill level 1 in Bows
   927 | D:2      | Reached skill level 1 in Crossbows
   927 | D:2      | Reached skill level 1 in Armour
   927 | D:2      | Reached skill level 1 in Stealth
   927 | D:2      | Reached skill level 1 in Shields
   927 | D:2      | Reached skill level 1 in Unarmed Combat
   927 | D:2      | Reached skill level 1 in Spellcasting
   927 | D:2      | Reached skill level 1 in Evocations
   938 | D:2      | Reached XP level 4. HP: 37/38 MP: 5/5
  1243 | D:2      | Found a sacrificial altar of Ru.
  1261 | D:2      | Reached skill level 1 in Conjurations
  1261 | D:2      | Reached skill level 1 in Hexes
  1261 | D:2      | Reached skill level 1 in Charms
  1261 | D:2      | Reached skill level 1 in Summonings
  1261 | D:2      | Reached skill level 1 in Necromancy
  1261 | D:2      | Reached skill level 1 in Translocations
  1261 | D:2      | Reached skill level 1 in Transmutations
  1261 | D:2      | Reached skill level 1 in Fire Magic
  1261 | D:2      | Reached skill level 1 in Ice Magic
  1261 | D:2      | Reached skill level 1 in Air Magic
  1261 | D:2      | Reached skill level 1 in Earth Magic
  1261 | D:2      | Reached skill level 1 in Poison Magic
  1381 | D:2      | Reached XP level 5. HP: 36/43 MP: 6/6
  1616 | D:2      | Found a bloodstained altar of Trog.
  1616 | D:2      | Found a shattered altar of Ashenzari.
  1621 | D:2      | Found a hazy altar of Hepliaklqana.
  1623 | D:2      | Found a faded altar of an unknown god.
  1624 | D:2      | Found a glowing golden altar of the Shining One.
  1627 | D:2      | Became a worshipper of Hepliaklqana the Forgotten
  1834 | D:3      | Noticed Nuz's ghost (amateur KoBe)
  1954 | D:3      | Killed Nuz's ghost
  1954 | D:3      | Reached XP level 6. HP: 35/45 MP: 8/8
  2085 | D:3      | Found an iron altar of Okawaru.
  2448 | D:3      | Found a bloodstained altar of Trog.
  2449 | D:3      | Noticed a wizard
  2455 | D:3      | Killed a wizard
  2602 | D:4      | Reached * piety under Hepliaklqana
  2622 | D:4      | Reached skill level 5 in Fighting
  2622 | D:4      | Reached skill level 5 in Throwing
  2804 | D:4      | Noticed Natasha
  2812 | D:4      | Killed Natasha
  3113 | D:4      | Reached XP level 7. HP: 50/50 MP: 10/10
  3146 | D:4      | Noticed Natasha
  3154 | D:4      | Killed Natasha
  3236 | D:4      | Noticed Natasha
  3243 | D:4      | Killed Natasha
  3508 | D:5      | Entered Level 5 of the Dungeon
  3551 | D:5      | Found a snail-covered altar of Cheibriados.
  3551 | D:5      | Found a shadowy altar of Dithmenos.
  3551 | D:5      | Found an ancient bone altar of Kikubaaqudgha.
  3591 | D:5      | Found a sparkling altar of Nemelex Xobeh.
  3805 | D:5      | Found Donnyacu's Jewellery Emporium.
  3866 | D:5      | Reached XP level 8. HP: 28/55 MP: 12/12
  3866 | D:5      | HP: 26/55 [poisoned by an adder]
  3871 | D:5      | HP: 20/55 [poisoned by an adder]
  3876 | D:5      | HP: 17/55 [poisoned by an adder]
  3882 | D:5      | HP: 13/55 [poisoned by an adder]
  3888 | D:5      | HP: 11/55 [poisoned by an adder]
  3894 | D:5      | HP: 10/55 [poisoned by an adder]
  3902 | D:5      | HP: 9/55 [poisoned by an adder]
  4366 | D:5      | Reached ** piety under Hepliaklqana
  4367 | D:5      | Remembered your ancestor Wilburh as a battlemage
  5114 | D:6      | Found a staircase to the Ecumenical Temple.
  5285 | D:6      | Learned a level 1 spell: Apportation
  5380 | D:6      | Noticed Menkaure
  5387 | D:6      | Killed Menkaure
  5646 | D:7      | Reached XP level 9. HP: 60/61 MP: 14/14
  5928 | D:7      | Noticed Pikel
  5961 | D:7      | Killed Pikel
  6526 | D:7      | Learned a level 6 spell: Statue Form
  6732 | D:7      | Reached *** piety under Hepliaklqana
  7013 | D:8      | Noticed Prince Ribbit
  7028 | D:8      | HP: 30/62 [bullfrog (6)]
  7030 | D:8      | Reached skill level 5 in Invocations
  7045 | D:8      | Killed Prince Ribbit
  7208 | D:8      | Learned a level 3 spell: Portal Projectile
  7213 | D:8      | Learned a level 4 spell: Cause Fear
  7262 | D:8      | Reached XP level 10. HP: 68/68 MP: 17/17
  7305 | D:8      | HP: 33/68 [ogre/giant club (28)]
  7310 | D:8      | HP: 29/68 [hippogriff (4)]
  7617 | D:8      | Noticed Psyche
  7618 | D:8      | Noticed a two-headed ogre
  7625 | D:8      | Killed Psyche
  7625 | D:8      | Reached skill level 5 in Short Blades
  7625 | D:8      | Reached skill level 5 in Long Blades
  7625 | D:8      | Reached skill level 5 in Axes
  7625 | D:8      | Reached skill level 5 in Maces & Flails
  7625 | D:8      | Reached skill level 5 in Staves
  7625 | D:8      | Reached skill level 5 in Slings
  7625 | D:8      | Reached skill level 5 in Bows
  7625 | D:8      | Reached skill level 5 in Crossbows
  7625 | D:8      | Reached skill level 5 in Armour
  7625 | D:8      | Reached skill level 5 in Stealth
  7625 | D:8      | Reached skill level 5 in Shields
  7625 | D:8      | Reached skill level 5 in Unarmed Combat
  7625 | D:8      | Reached skill level 5 in Spellcasting
  7625 | D:8      | Reached skill level 5 in Evocations
  7653 | D:8      | Killed a two-headed ogre
  7768 | D:8      | Noticed Grum
  7778 | D:8      | Killed Grum
  8078 | D:9      | Noticed a two-headed ogre
  8086 | D:9      | Killed a two-headed ogre
  8086 | D:9      | Reached XP level 11. HP: 73/74 MP: 19/19
  8369 | D:9      | Got a shimmering long sword
  8395 | D:9      | Identified the +12 long sword "Bimy" {drain, *Corrode rF+ MR+} (You found it on level 9 of the Dungeon)
  8759 | D:9      | Reached **** piety under Hepliaklqana
  8931 | D:9      | Learned a level 2 spell: Passwall
  9201 | D:10     | Entered Level 10 of the Dungeon
  9285 | D:10     | Found a staircase to the Lair.
  9398 | D:10     | Reached skill level 5 in Conjurations
  9398 | D:10     | Reached skill level 5 in Hexes
  9398 | D:10     | Reached skill level 5 in Charms
  9398 | D:10     | Reached skill level 5 in Summonings
  9398 | D:10     | Reached skill level 5 in Necromancy
  9398 | D:10     | Reached skill level 5 in Translocations
  9398 | D:10     | Reached skill level 5 in Transmutations
  9398 | D:10     | Reached skill level 5 in Fire Magic
  9398 | D:10     | Reached skill level 5 in Ice Magic
  9398 | D:10     | Reached skill level 5 in Air Magic
  9398 | D:10     | Reached skill level 5 in Earth Magic
  9398 | D:10     | Reached skill level 5 in Poison Magic
  9408 | D:10     | Learned a level 1 spell: Summon Butterflies
  9412 | D:10     | Learned a level 3 spell: Lesser Beckoning
  9673 | D:10     | HP: 33/75 [orc warrior/halberd (6)]
  9680 | D:10     | HP: 18/75 [poisoned by an orc wizard]
  9687 | D:10     | HP: 12/75 [poisoned by an orc wizard]
  9694 | D:10     | HP: 12/75 [poisoned by an orc wizard]
  9702 | D:10     | HP: 11/75 [poisoned by an orc wizard]
 10016 | D:10     | Found a staircase to the Orcish Mines.
 10723 | Lair:1   | Entered Level 1 of the Lair of Beasts
 10723 | Lair:1   | Noticed a death yak
 10723 | Lair:1   | Noticed a death yak
 10723 | Lair:1   | Noticed a death yak
 10723 | Lair:1   | Noticed a death yak
 10739 | Lair:1   | Killed a death yak
 10742 | Lair:1   | Killed a death yak
 10747 | Lair:1   | HP: 32/76 [death yak (10)]
 10752 | Lair:1   | HP: 29/76 [death yak (4)]
 10755 | Lair:1   | Killed a death yak
 10758 | Lair:1   | Killed a death yak
 10963 | Lair:1   | Noticed a four-headed hydra
 11060 | D:10     | HP: 33/76 [five-headed hydra (10)]
 11063 | D:10     | Killed a five-headed hydra
 11063 | D:10     | Reached XP level 12. HP: 35/82 MP: 22/22
 11428 | Lair:1   | HP: 39/83 [basilisk (12)]
 11761 | Lair:1   | Learned a level 3 spell: Regeneration
 12045 | Lair:1   | Noticed an eight-headed hydra
 12055 | Lair:1   | Killed an eight-headed hydra
 12590 | Lair:2   | Found a staircase to the Snake Pit.
 12792 | Lair:2   | Reached ***** piety under Hepliaklqana
 13389 | Lair:2   | Reached skill level 10 in Polearms
 13389 | Lair:2   | Reached skill level 10 in Dodging
 13692 | Lair:3   | Noticed a seven-headed hydra
 13703 | Lair:3   | Killed a seven-headed hydra
 13705 | Lair:3   | Found a staircase to the Shoals.
 13775 | Lair:3   | Reached XP level 13. HP: 71/89 MP: 24/24
 13928 | Lair:3   | Got a brightly glowing battleaxe
 13995 | Lair:3   | Noticed Harold
 14006 | Lair:3   | Killed Harold
 14018 | Lair:3   | Identified the +3 battleaxe "Nomual" {chop, rPois rC+} (You found it on level 3 of the Lair of Beasts)
 15387 | Lair:5   | Noticed Urug
 15399 | Lair:5   | Killed Urug
 15477 | Lair:5   | HP: 37/89 [elephant (13)]
 16609 | Lair:5   | Found the +8 whip "Snakebite" {curare, rPois}
 16748 | Lair:6   | Entered Level 6 of the Lair of Beasts
 17013 | Lair:6   | Noticed Snorg
 17030 | Lair:6   | HP: 30/89 [Snorg (16)]
 17031 | Lair:6   | HP: 11/89 [Snorg (6)]
 17035 | Lair:6   | Killed Snorg
 17107 | Lair:6   | HP: 35/89 [black mamba (8)]
 17121 | Lair:6   | HP: 31/89 [black mamba (13)]
 17126 | Lair:5   | HP: 4/89 [black mamba (14)]
 17127 | Lair:5   | Slain by a black mamba

Vault maps used:
D:1:      dpeg_arrival_houses_and_road, st_stairs_7, minmay_lizard_pond
D:2:      chequers_temple_overflow_minitemple, nicolae_ru_sacrificial_ziggurat
D:3:      overflow_temple_1_default, trog_wizard
D:4:      uniq_natasha
D:5:      nicolae_overflow_quartered_altars, first_bread, serial_shops, shop
D:6:      minmay_temple_entry_trees, uniq_menkaure
D:7:      kennysheep_kobold_camp, grunt_ogre_cave, uniq_pikel
D:8:      uniq_grum, uniq_psyche, uniq_prince_ribbit1
D:10:     erik_lair_orcish_takeover, david_orc_4
D:11:     serial_shops, shop
Lair:2:   minmay_snake_entry_guardpost_small, st_stairs_6,
          kennysheep_abandoned_house
Lair:3:   elwin_shoals_entry_rocks, minivault_11, minmay_holes, uniq_harold
Lair:5:   minmay_guarded_unrand_snakebite, uniq_urug
Lair:6:   minmay_lair_end_enchanted_forest, minmay_slime_entry_oklob_enclosed,
          portal_ice_cave_entry_imps, uniq_snorg

Skill      XL: |  1  2  3  4  5  6  7  8  9 10 11 12 13 |
---------------+----------------------------------------+-----
Invocations    | 1 2 3 4 5 6 7 8 9 |  9.1
Short Blades   | 1 2 3 4 5 6 7 8 |  8.3
Long Blades    | 1 2 3 4 5 6 7 8 |  8.3
Axes           | 1 2 3 4 5 6 7 8 |  8.3
Maces & Flails | 1 2 3 4 5 6 7 8 |  8.3
Staves         | 1 2 3 4 5 6 7 8 |  8.3
Slings         | 1 2 3 4 5 6 7 8 |  8.3
Bows           | 1 2 3 4 5 6 7 8 |  8.3
Crossbows      | 1 2 3 4 5 6 7 8 |  8.3
Armour         | 1 2 3 4 5 6 7 8 |  8.3
Stealth        | 1 2 3 4 5 6 7 8 |  8.3
Shields        | 1 2 3 4 5 6 7 8 |  8.3
Unarmed Combat | 1 2 3 4 5 6 7 8 |  8.3
Spellcasting   | 1 2 3 4 5 6 7 8 |  8.3
Evocations     | 1 2 3 4 5 6 7 8 |  8.3
Conjurations   | 1 2 3 4 5 6 |  6.9
Hexes          | 1 2 3 4 5 6 |  6.9
Charms         | 1 2 3 4 5 6 |  6.9
Summonings     | 1 2 3 4 5 6 |  6.9
Necromancy     | 1 2 3 4 5 6 |  6.9
Translocations | 1 2 3 4 5 6 |  6.9
Transmutations | 1 2 3 4 5 6 |  6.9
Fire Magic     | 1 2 3 4 5 6 |  6.9
Ice Magic      | 1 2 3 4 5 6 |  6.9
Air Magic      | 1 2 3 4 5 6 |  6.9
Earth Magic    | 1 2 3 4 5 6 |  6.9
Poison Magic   | 1 2 3 4 5 6 |  6.9
Fighting       | 5 6 7 8 9 |  9.5
Throwing       | 5 6 7 8 9 |  9.5
Polearms       | 7 8 9 10 | 10.5
Dodging        | 7 8 9 10 | 10.5

Action                   |  1- 3 |  4- 6 |  7- 9 | 10-12 | 13-15 || total
-------------------------+-------+-------+-------+-------+-------++-------
Melee: Trident           |    88 |   178 |   238 |    36 |       ||   540
       Bite              |     2 |    12 |    63 |    88 |    31 ||   196
       Dagger            |       |     6 |   111 |   150 |     1 ||   268
       Punch             |       |       |     3 |       |     6 ||     9
       Long sword        |       |       |       |   279 |     5 ||   284
       Battleaxe         |       |       |       |       |   115 ||   115
       Whip              |       |       |       |       |    77 ||    77
Throw: Tomahawk          |       |       |       |     6 |       ||     6
       Throwing net      |       |       |       |     2 |       ||     2
 Cast: Summon Butterflie |       |       |       |     1 |       ||     1
Invok: Recall Ancestor   |       |     1 |       |     1 |     1 ||     3
       Ancestor Life: Ba |       |       |     1 |       |       ||     1
       Transference      |       |       |       |       |     1 ||     1
Evoke: Wand              |       |       |       |     3 |     4 ||     7
  Use: Scroll            |       |    15 |     5 |     6 |     2 ||    28
       Potion            |       |       |       |       |     1 ||     1
 Stab: Sleeping          |     3 |       |       |     1 |       ||     4
       Distracted        |     1 |       |     5 |     3 |     3 ||    12
       Paralysed         |       |       |       |     1 |     1 ||     2
       Held in net/web   |       |       |       |     1 |       ||     1
  Eat: Chunk             |       |     7 |    13 |    21 |     9 ||    50
       Royal jelly       |       |       |     1 |       |       ||     1
       Fruit             |       |       |       |       |     2 ||     2
Armor: Leather armour    |     8 |       |    19 |    39 |       ||    66
       Scale mail        |     4 |    60 |       |       |       ||    64
       Chain mail        |       |     1 |    55 |       |       ||    56
       Plate armour      |       |       |       |   175 |   143 ||   318
       Troll leather arm |       |       |       |       |     4 ||     4
Dodge: Dodged            |    44 |    94 |   139 |   252 |   193 ||   722
Block: Buckler           |       |       |    26 |   135 |     1 ||   162
       Rpst.: Long sword |       |       |       |    50 |       ||    50

Table legend:
 A = Spawn XP
 B = Non-spawn XP
 C = Spawn XP percentage of total XP
 D = Spawn monster count
 E = Non-spawn monster count
 F = Spawn count percentage of total count
 G = Total turns spent on level
                    A         B        C        D         E        F      G
               +---------+---------+-------+---------+---------+-------+---------
         Total |       0 |   46687 |   0.0 |       0 |     416 |   0.0 | 17127
               +---------+---------+-------+---------+---------+-------+---------
           D:1 |       0 |      52 |   0.0 |       0 |      28 |   0.0 |   791
           D:2 |       0 |     118 |   0.0 |       0 |      29 |   0.0 |   950
           D:3 |       0 |     244 |   0.0 |       0 |      19 |   0.0 |   835
           D:4 |       0 |     488 |   0.0 |       0 |      28 |   0.0 |   932
           D:5 |       0 |     508 |   0.0 |       0 |      15 |   0.0 |  1047
           D:6 |       0 |     911 |   0.0 |       0 |      15 |   0.0 |  1073
           D:7 |       0 |    1695 |   0.0 |       0 |      38 |   0.0 |  1385
           D:8 |       0 |    3749 |   0.0 |       0 |      28 |   0.0 |   944
           D:9 |       0 |    2297 |   0.0 |       0 |      32 |   0.0 |  1244
          D:10 |       0 |    5284 |   0.0 |       0 |      60 |   0.0 |  1924
          D:11 |       0 |      36 |   0.0 |       0 |       1 |   0.0 |     6
        Lair:1 |       0 |    7164 |   0.0 |       0 |      17 |   0.0 |  1237
        Lair:2 |       0 |    6543 |   0.0 |       0 |      40 |   0.0 |  1203
        Lair:3 |       0 |    4453 |   0.0 |       0 |      12 |   0.0 |   716
        Lair:4 |       0 |    1599 |   0.0 |       0 |       8 |   0.0 |   938
        Lair:5 |       0 |    6236 |   0.0 |       0 |      25 |   0.0 |  1696
        Lair:6 |       0 |    5310 |   0.0 |       0 |      21 |   0.0 |   206
               +---------+---------+-------+---------+---------+-------+---------

Vault maps used:
D:1:      dpeg_arrival_houses_and_road, st_stairs_7, minmay_lizard_pond
D:2:      chequers_temple_overflow_minitemple, nicolae_ru_sacrificial_ziggurat
D:3:      overflow_temple_1_default, trog_wizard
D:4:      uniq_natasha
D:5:      nicolae_overflow_quartered_altars, first_bread, serial_shops, shop
D:6:      minmay_temple_entry_trees, uniq_menkaure
D:7:      kennysheep_kobold_camp, grunt_ogre_cave, uniq_pikel
D:8:      uniq_grum, uniq_psyche, uniq_prince_ribbit1
D:10:     erik_lair_orcish_takeover, david_orc_4
D:11:     serial_shops, shop
Lair:2:   minmay_snake_entry_guardpost_small, st_stairs_6,
          kennysheep_abandoned_house
Lair:3:   elwin_shoals_entry_rocks, minivault_11, minmay_holes, uniq_harold
Lair:5:   minmay_guarded_unrand_snakebite, uniq_urug
Lair:6:   minmay_lair_end_enchanted_forest, minmay_slime_entry_oklob_enclosed,
          portal_ice_cave_entry_imps, uniq_snorg
